 Dungeon Crawl Stone Soup version 0.32-a0-931-g5a2cda0630 (webtiles) character file.

Game seed: 14639183217414649599

51 jasper the Gusty (level 3, 0/20 HPs)
             Began as a Tengu Air Elementalist on Apr 13, 2024.
             Slain by Terence
             ... wielding a +0 hand axe
              (6 damage)
             ... on level 2 of the Dungeon.
             The game lasted 00:01:47 (1086 turns).

jasper the Gusty (Tengu Air Elementalist)           Turns: 1086, Time: 00:01:47

Health: 0/20       AC:  2    Str:  8    XL:     3   Next: 83%
Magic:  7/7        EV: 11    Int: 17    God:
Gold:   56         SH:  0    Dex: 14    Spells: 0/6 levels left

rFire   . . .        k - +0 mace (protect)
rCold   . . .        (no shield)
rNeg    . . .        a - +0 robe
rPois   .            (helmet restricted)
rElec   .            (no cloak)
rCorr   .            (no gloves)
SInv    .            (boots unavailable)
Will    .....        (no amulet)
Stlth   ++           (no ring)
HPRegen 0.23/turn    (no ring)
MPRegen 0.10/turn

%: acrobat
@: no status effects
A: beak, talons 3, acrobatic
a: no special abilities


You were on level 2 of the Dungeon.
You visited 1 branch of the dungeon, and saw 2 of its levels.

You collected 56 gold pieces.

Inventory:

Hand Weapons
 d - a +0 dagger
 k - a +0 mace of protection (weapon)
Missiles
 e - 5 stones
 j - 3 boomerangs
Armour
 a - a +0 robe (worn)
Scrolls
 c - 2 scrolls of identify {unknown}
 f - a scroll of acquirement {unknown}
Potions
 b - a potion of magic
 g - a potion of curing {unknown}
 h - a potion of might {unknown}
 i - a potion of brilliance {unknown}


   Skills:
 + Level 1.1 Fighting
 + Level 2.6 Dodging
 - Level 2.0 Stealth
 - Level 2.0 Spellcasting
 * Level 2.9 Conjurations
 * Level 4.8 Air Magic


You couldn't memorise any spells.
You knew the following spells:

 Your Spells              Type           Power      Damage    Failure   Level
a - Shock                 Conj/Air       56%        1d6       4%          1
b - Static Discharge      Conj/Air       28%        3-5/arc   6%          2
c - Swiftness             Air            18%        N/A       8%          3

Your spell library contained the following spells:

 Spells                   Type           Power      Damage    Failure   Level
 Airstrike                Air            9%         2d(2-18)  26%         4


Dungeon Overview and Level Annotations

Branches:
Dungeon (2/15)

Altars:

Annotations:
D:2 Terence


Innate Abilities, Weirdness & Mutations

You have a beak for a mouth.
You have claws for feet.
You can magically evade attacks while moving or waiting.


Message History

You regained 3 mp, and now have 6/7 mp.
You start resting.
Magic restored.
MP restored: 7 You climb downwards.
Level annotation: Terence Terence hits you with a +0 hand axe.
There is a stone staircase leading up here.
You take 5 damage, and have 15/20 hp.
MASSIVE DAMAGE!!
Casting: Shock (safe; 4% risk of failure)
Confirm with . or Enter, or press ? or * to list all spells.
Terence is struck by an arc of lightning.
Terence is lightly wounded.
You are struck by an arc of lightning.
Terence is struck by an arc of lightning.
Terence is moderately wounded.
The lightning grounds out.
Terence barely misses you.
You now have 5/7 mp.
Casting: Static Discharge (safe; 6% risk of failure)
Confirm with . or Enter, or press ? or * to list all spells.
Terence is struck by an arc of lightning.
Terence is moderately wounded.
You are struck by an arc of lightning.
Terence is struck by an arc of lightning.
Terence is heavily wounded.
The lightning grounds out.
Terence hits you with a +0 hand axe.
You take 6 damage, and have 9/20 hp.
MASSIVE DAMAGE!!
You now have 3/7 mp.
Casting: Static Discharge (safe; 6% risk of failure)
Confirm with . or Enter, or press ? or * to list all spells.
Terence is struck by an arc of lightning.
Terence is heavily wounded.
You are struck by an arc of lightning.
The lightning grounds out.
Terence hits you with a +0 hand axe.
* * * LOW HITPOINT WARNING * * *
You take 3 damage, and have 6/20 hp.
You now have 1/7 mp.
Casting: Static Discharge (safe; 6% risk of failure)
Confirm with . or Enter, or press ? or * to list all spells.
You don't have enough magic to cast this spell.
Magic courses through your body. Terence hits you with a +0 hand axe.
You die...
Terence says, "Rest in peace."

## ...
....
.....
###......
#@@†..[..
#########


You could see Terence.

Vanquished Creatures
  Jessica (D:2)
  3 dart slugs (D:1)
  A ball python (D:1)
  A bat (D:1)
  2 giant cockroaches (D:1)
  2 goblins (D:1)
  2 hobgoblins (D:1)
  3 kobolds (D:1)
  A quokka (D:1)
  2 frilled lizards (D:1)
  A rat (D:2)
19 creatures vanquished.

Notes
Turn   | Place    | Note
-------+----------+-------------------------------------------
     0 | D:1      | jasper the Tengu Air Elementalist began the quest for the
                  | Orb.
     0 | D:1      | Reached XP level 1. HP: 10/10 MP: 4/4
   365 | D:1      | Reached XP level 2. HP: 16/16 MP: 3/6
   374 | D:1      | Learned a level 2 spell: Static Discharge
   864 | D:1      | Reached XP level 3. HP: 14/20 MP: 4/7
   928 | D:1      | Learned a level 3 spell: Swiftness
  1041 | D:2      | Noticed Terence
  1041 | D:2      | Noticed Jessica
  1044 | D:2      | Killed Jessica
  1045 | D:2      | Reached skill level 1 in Fighting
  1086 | D:2      | Slain by Terence

Illustrated notes

Levels and vault maps discovered:
D:1:      zelgadis_glass_arrival_small, layout_rooms
D:2:      layout_basic, uniq_terence, uniq_jessica

Skill      XL: |  1  2  3 |
---------------+----------+-----
Conjurations   | 2 |  2.9
Fighting       | 1 |  1.1
Dodging        | |  2.6
Stealth        | |  2.0
Spellcasting   | |  2.0
Air Magic      | |  4.8

Action                     || total
---------------------------++-------
  Melee: Dagger            ||     6
         Kick              ||     2
   Cast: Shock             ||    38
         Static Discharge  ||     4
    Use: Potion            ||     1
 Armour: Robe              ||    12
  Dodge: Dodged            ||    12

Table legend: (Time is in decaauts)
 A = Elapsed time spent in this place.
 B = Non-inter-level travel time spent in this place.
 C = Inter-level travel time spent in this place.
 D = Time resting spent in this place.
 E = Time spent auto-exploring this place.
 F = Levels seen in this place.
 G = Mean time per level.
                   A        B        C        D        E       F      G
               +--------+--------+--------+--------+--------+-----+--------+
         Total |   1085 |    980 |    105 |     80 |    755 |   2 |  542.5 |
       Dungeon |   1085 |    980 |    105 |     80 |    755 |   2 |  542.5 |
               +--------+--------+--------+--------+--------+-----+--------+

Top non-repeatable levels by time:
     D:1: 1075 daAuts
     D:2: 10 daAuts
